 Dungeon Crawl Stone Soup version 0.26-a0-64-g059e62f (webtiles) character file.

Game seed: 2519605575287868116

73 Illumine the Covered (level 4, -1/40 HPs)
             Began as a Minotaur Fighter on June 10, 2020.
             Slain by a gnoll
             ... wielding a +0 halberd
              (3 damage)
             ... on level 2 of the Dungeon.
             The game lasted 00:01:22 (549 turns).

Illumine the Covered (Minotaur Fighter)              Turns: 549, Time: 00:01:22

Health: -1/40      AC:  7    Str: 21    XL:     4   Next: 8%
Magic:  3/3        EV:  8    Int:  5    God:
Gold:   10         SH:  9    Dex: 10    Spells: 3/3 levels left

rFire    . . .     SeeInvis .   n - +2 hand axe (elec)
rCold    . . .     Gourm    .   c - +0 kite shield
rNeg     . . .     Faith    .   b - +0 scale mail
rPois    .         Spirit   .   (helmet restricted)
rElec    .         Reflect  .   (no cloak)
rCorr    .         Harm     .   (no gloves)
MR       .....                  (no boots)
Stlth    ..........             (no amulet)
HPRegen  0.13/turn              (no ring)
MPRegen  0.08/turn              (no ring)

@: no status effects
A: retaliatory headbutt, horns 2
a: no special abilities


You were on level 2 of the Dungeon.
You were not hungry.

You visited 1 branch of the dungeon, and saw 2 of its levels.

You collected 10 gold pieces.

Inventory:

Hand Weapons
 i - a +0 hunting sling
 n - a +2 hand axe of electrocution (weapon)
Missiles
 j - 23 bolts
 k - 24 sling bullets
Armour
 b - a +0 scale mail (worn)
 c - a +0 kite shield (worn)
Scrolls
 e - 4 scrolls of remove curse {unknown}
 l - a scroll of identify {unknown}
 m - a scroll of random uselessness {unknown}
Potions
 d - a potion of might
 h - a potion of heal wounds {unknown}
Comestibles
 f - 2 rations
 g - 2 chunks of flesh


   Skills:
 + Level 4.2 Fighting
 + Level 3.1 Axes
 + Level 4.2 Armour
 + Level 1.5 Dodging
 + Level 4.2 Shields


You had 3 spell levels left.
You didn't know any spells.
Your spell library was empty.

Dungeon Overview and Level Annotations

Branches:
Dungeon (2/15)

Altars:


Innate Abilities, Weirdness & Mutations

You reflexively headbutt those who attack you in melee.
You have a pair of horns on your head.


Message History

Items here: ))) ††† You completely miss the gnoll.
The gnoll hits you with a +0 halberd.
You hit the gnoll.
The gnoll is lightly wounded.
The gnoll hits you but does no damage.
Your shield and scale mail prevent you from hitting the gnoll.
Your headbutt misses the gnoll.
The gnoll is lightly wounded.
The gnoll hits you with a +0 halberd!
You hit the gnoll. You headbutt the gnoll.
The gnoll is almost dead.
The gnoll barely misses you.
You barely miss the gnoll.
The gnoll is almost dead.
The gnoll hits you with a +0 halberd!
* * * LOW HITPOINT WARNING * * *
You closely miss the gnoll.
The gnoll is almost dead.
The gnoll hits you with a +0 halberd.
You die...

#############
.....gg@....#
###########(#
#.# #.# #.#
#.# #.# #.#
#.#


You could see 2 gnolls.

Vanquished Creatures
  A worker ant (D:2)
  2 gnolls (D:2)
  A dart slug (D:1)
  2 ball pythons (D:2)
  4 bats (D:1)
  3 giant cockroaches
  2 goblins (D:1)
  3 hobgoblins
  2 frilled lizards (D:1)
  3 kobolds (D:1)
  5 rats
28 creatures vanquished.

Notes
Turn   | Place    | Note
-------+----------+-------------------------------------------
     0 | D:1      | Illumine the Minotaur Fighter began the quest for the Orb.
     0 | D:1      | Reached XP level 1. HP: 19/19 MP: 0/0
   121 | D:1      | Reached XP level 2. HP: 25/27 MP: 1/1
   302 | D:1      | Reached skill level 1 in Dodging
   478 | D:2      | Reached XP level 3. HP: 33/33 MP: 2/2
   542 | D:2      | Reached XP level 4. HP: 31/40 MP: 3/3
   548 | D:2      | HP: 2/40 [gnoll/+0 halberd (12)]
   549 | D:2      | Slain by a gnoll

Illustrated notes

Levels and vault maps discovered:
D:1:      dpeg_arrival_signposts, layout_rooms
D:2:      layout_basic, okawaru_altar_gauntlet_db, uniq_sigmund

Skill      XL: |  1  2 |
---------------+-------+-----
Dodging        | 1 |  1.5
Fighting       | 4 |  4.2
Axes           | 3 |  3.1
Armour         | 4 |  4.2
Shields        | 4 |  4.2

Action                   |  1- 3 |  4- 6 || total
-------------------------+-------+-------++-------
Melee: War axe           |    50 |       ||    50
       Headbutt          |     9 |     1 ||    10
       Hand axe          |    21 |     6 ||    27
Armor: Scale mail        |    37 |     1 ||    38
Dodge: Dodged            |    19 |     2 ||    21
Block: Kite shield       |    34 |     1 ||    35

Table legend:
 A = Non-vault XP
 B = Vault XP
 C = Vault XP percentage of total XP
 D = Non-vault monster count
 E = Vault monster count
 F = Vault count percentage of total count
                 A         B        C        D         E       F
            +---------+---------+-------+---------+---------+-------
      Total |     105 |       0 |   0.0 |      28 |       0 |   0.0
            +---------+---------+-------+---------+---------+-------
        D:1 |      34 |       0 |   0.0 |      20 |       0 |   0.0
        D:2 |      71 |       0 |   0.0 |       8 |       0 |   0.0
            +---------+---------+-------+---------+---------+-------
